 Dungeon Crawl Stone Soup version 0.25-a0-589-g1e14c549ee (webtiles) character file.

Game seed: 10282050965931572300, levelgen mode: deterministic

8625 Eurus the Destroyer (level 11, -1/79 HPs)
             Began as a Mummy Conjurer on Mar 13, 2020.
             Was a Follower of Ashenzari.
             Slain by an unseen horror (5 damage)
             ... on level 10 of the Dungeon.
             The game lasted 00:34:55 (13507 turns).

Eurus the Destroyer (Mummy Conjurer)               Turns: 13507, Time: 00:34:56

Health: -1/79      AC: 11    Str: 12    XL:     11   Next: 12%
Magic:  27/33      EV: 12    Int: 17    God:    Ashenzari [*.....]
Gold:   377        SH:  0    Dex: 13    Spells: 22/29 levels left

rFire    x . .     SeeInvis .   p - +3 scimitar (flame)
rCold    + . .     Gourm    .   (no shield)
rNeg     + + +     Faith    .   o - +2 leather armour {MR+}
rPois    ∞         Spirit   .   q - +2 helmet (curse)
rElec    .         Reflect  .   s - +0 cloak
rCorr    .         Harm     .   u - +0 pair of gloves
MR       ++...                  (no boots)
Stlth    ++........             (no amulet)
HPRegen  0.23/turn              e - ring of magical power (curse)
MPRegen  0.23/turn              (no ring)

@: no status effects
A: no food or potions, fire vulnerability, cold resistance 1, negative energy
resistance 3, torment resistance, unbreathing
a: Curse Item, Scrying, Renounce Religion


You were on level 10 of the Dungeon.
You worshipped Ashenzari.
Ashenzari was aware of your devotion.
You were not hungry.

You visited 2 branches of the dungeon, and saw 11 of its levels.

You collected 377 gold pieces.

Inventory:

Hand Weapons
 p - a +3 scimitar of flaming (weapon)
Armour
 d - a +0 troll leather armour
 h - a +0 kite shield
 k - a +2 ring mail of fire resistance
 o - a +2 leather armour of magic resistance (worn)
 q - a cursed +2 helmet (worn)
 s - a +0 cloak (worn)
 u - a +0 pair of gloves (worn)
Jewellery
 a - an uncursed ring of fire
 e - a cursed ring of magical power (left hand)
Wands
 j - a wand of scattershot (5)
 n - a wand of acid (8)
Scrolls
 b - 2 scrolls of blinking
 c - a scroll of amnesia
 f - 9 scrolls of identify
 g - 2 scrolls of remove curse
 i - a scroll of enchant weapon
 l - a scroll of fog
 r - 2 scrolls of enchant armour


   Skills:
 - Level 5.0 Fighting
 - Level 4.0 Armour
 + Level 3.0 Dodging
 - Level 1.5 Stealth
 + Level 0.5 Shields
 + Level 9.7 Spellcasting
 * Level 10.0 Conjurations
 + Level 5.8 Translocations


You had 22 spell levels left.
You knew the following spells:

 Your Spells              Type           Power        Failure   Level  Hunger
a - Magic Dart            Conj           ####         1%          1    N/A
b - Searing Ray           Conj           #####.       1%          2    N/A
c - Iskenderun's Mystic   Conj/Tloc      #####...     4%          4    N/A

Your spell library contained the following spells:

 Spells                   Type           Power        Failure   Level  Hunger
 Foxfire                  Conj/Fire      ####         1%          1    N/A
 Conjure Flame            Conj/Fire      ####....     4%          3    N/A
 Dazzling Flash           Conj/Hex       ####..       4%          3    N/A
 Fulminant Prism          Conj/Hex       ####......   14%         4    N/A
 Sticky Flame             Conj/Fire      ####....     14%         4    N/A
 Corpse Rot               Necr/Air       N/A          17%         2    N/A
 Inner Flame              Hex/Fire       #.......     32%         3    N/A
 Fireball                 Conj/Fire      ####......   36%         5    N/A
 Iskenderun's Battlesphe  Conj/Chrm      ####....     36%         5    N/A
 Bolt of Magma            Conj/Fire/Erth ###.......   61%         5    N/A
 Dispel Undead            Necr           #.......     73%         4    N/A
 Orb of Destruction       Conj           #####.....   83%         7    N/A
 Iron Shot                Conj/Erth      ####......   91%         6    N/A
 Agony                    Necr           #.......     97%         5    N/A
 Excruciating Wounds      Chrm/Necr      #.........   97%         5    N/A
 Spellforged Servitor     Conj/Summ      ####......   100%        7    N/A
 Sublimation of Blood     Necr           Unusable     N/A         2    N/A

Dungeon Overview and Level Annotations

Branches:
Dungeon (10/15)            Temple (1/1) D:4
   Lair: D:8-11         Orc: D:9-12

Altars:
Ashenzari
Cheibriados
Dithmenos
Elyvilon
Fedhas
Gozag
Hepliaklqana
Kikubaaqudgha
Makhleb
Nemelex Xobeh
Okawaru
Qazlal
Ru
Sif Muna
Trog
Uskayaw
Vehumet
Wu Jian
Xom
Yredelemnul
Zin
The Shining One

Shops:
D:4 }


Innate Abilities, Weirdness & Mutations

You do not eat or drink.
Your flesh is vulnerable to fire.
You are immune to poison.
Your flesh is cold resistant. (rC+)
You are immune to negative energy. (rN+++)
You are immune to unholy pain and torment.
You can survive without breathing.


Message History

Things that are here:
a +0 flail; a +0 scale mail; an orc corpse Something hits you.
There is a stone staircase leading up here.
You barely miss something. Something hits you!
* * * LOW HITPOINT WARNING * * *
Something hits you.
* * * LOW HITPOINT WARNING * * *
The wyvern barely misses you.
An orc zombie comes into view.
The wyvern misses you.
Your leather armour prevents you from hitting something.
Something hits you but does no damage. The wyvern bites you.
* * * LOW HITPOINT WARNING * * *
The orc wizard hits you with a +0 dagger.
* * * LOW HITPOINT WARNING * * *
The wyvern bites you.
* * * LOW HITPOINT WARNING * * *
Something hits you.
You die...

......... .............
...§..... !...........
......... .Z.........
........######....#.....
........#%(#÷#....#.....
..)#.##.#..).'.÷........
#..####.#≈≈≈≈#..........
#.......######.ol.......
.##.......#.o..#@#......
###..>.....#.÷#){.......
#............)#.........
#.............#.........
........................
........................
........).........#.....
.................###....
................## ...


You could see a wyvern, an orc wizard and an orc zombie.

Vanquished Creatures
  Erolcha (D:8)
  Erica (D:8)
  A two-headed ogre (D:9)
  Pikel (D:3)
  A troll (D:9)
  A merfolk (D:10)
  Prince Ribbit (D:6)
  A wyvern (D:9)
  A hungry ghost (D:7)
  Duvessa (D:4)
  3 water moccasins
  3 orc warriors
  3 slaves
  A black bear (D:8)
  A sky beast (D:7)
  5 ice beasts
  6 ogres
  4 centaurs
  An eye of draining (D:9)
  2 phantoms
  A big kobold (D:8)
  6 bullfrogs
  Dowan (D:4)
  A gnoll sergeant (D:5)
  A water moccasin zombie (D:8)
  3 scorpions
  10 killer bees (D:7)
  A howler monkey (D:9)
  5 crimson imps
  11 orc wizards
  2 centaur zombies
  3 jellies
  4 orc priests
  6 hounds
  A quasit (D:8)
  A centaur skeleton (D:4)
  Terence (D:3)
  2 iguanas
  12 worker ants
  A hound zombie (D:10)
  2 hound skeletons
  2 worker ant zombies
  4 gnolls (D:5)
  A howler monkey skeleton (D:5)
  6 adders
  4 shadow imps
  2 oozes
  2 adder skeletons
  An adder zombie (D:6)
  A worm (D:3)
  2 dart slugs
  7 leopard geckos
  36 orcs
  2 ball pythons
  6 bats
  3 giant cockroaches
  6 goblins
  4 hobgoblins
  8 jackals
  5 quokkas
  2 frilled lizards
  11 kobolds
  2 leopard gecko skeletons (D:8)
  A quokka skeleton (D:4)
  9 rats
241 creatures vanquished.

Notes
Turn   | Place    | Note
-------+----------+-------------------------------------------
     0 | D:1      | Eurus the Mummy Conjurer began the quest for the Orb.
     0 | D:1      | Reached XP level 1. HP: 13/13 MP: 4/4
   276 | D:1      | Reached XP level 2. HP: 19/19 MP: 4/6
  1277 | D:2      | Reached XP level 3. HP: 21/24 MP: 0/7
  1281 | D:2      | Learned a level 2 spell: Searing Ray
  1516 | D:2      | Reached skill level 4 in Conjurations
  1982 | D:3      | Found a snail-covered altar of Cheibriados.
  2039 | D:3      | Noticed an ogre
  2311 | D:3      | Reached skill level 1 in Fighting
  2311 | D:3      | Reached XP level 4. HP: 27/32 MP: 3/9
  2485 | D:3      | Noticed Terence
  2537 | D:3      | Killed Terence
  2642 | D:3      | Killed an ogre
  2642 | D:3      | Reached XP level 5. HP: 38/38 MP: 7/11
  3371 | D:4      | Reached skill level 5 in Conjurations
  3423 | D:4      | Reached XP level 6. HP: 39/45 MP: 4/12
  3493 | D:4      | Found a staircase to the Ecumenical Temple.
  3505 | Temple   | Entered the Ecumenical Temple
  3560 | D:4      | Noticed Duvessa
  3560 | D:4      | Noticed Dowan
  3616 | Temple   | Learned a level 4 spell: Iskenderun's Mystic Blast
  3917 | D:4      | Found a stormy altar of Qazlal.
  4180 | D:4      | Found Waireug's Gadget Shoppe.
  4276 | D:4      | Noticed a slave
  4276 | D:4      | Noticed a slave
  4276 | D:4      | Noticed a slave
  4276 | D:4      | Noticed a slave
  4277 | D:4      | Noticed Pikel
  4328 | D:3      | Killed a slave
  4639 | D:4      | Killed Duvessa
  4639 | D:4      | Reached skill level 5 in Spellcasting
  4639 | D:4      | Reached skill level 1 in Translocations
  4639 | D:4      | Reached XP level 7. HP: 34/52 MP: 5/14
  4753 | D:4      | Killed Dowan
  5285 | D:3      | Killed Pikel
  5285 | D:3      | Reached skill level 6 in Conjurations
  5285 | D:3      | Reached XP level 8. HP: 9/60 MP: 6/17
  5575 | D:4      | Found an ornate altar of the Wu Jian Council.
  5575 | D:4      | Found a sparkling altar of Nemelex Xobeh.
  5576 | D:4      | Found a radiant altar of Vehumet.
  5586 | D:4      | Found a bloodstained altar of Trog.
  6048 | D:5      | Entered Level 5 of the Dungeon
  6376 | D:5      | Reached skill level 7 in Conjurations
  6919 | D:5      | Reached skill level 5 in Fighting
  7035 | D:5      | Reached XP level 9. HP: 66/68 MP: 16/19
  7938 | D:6      | Noticed Prince Ribbit
  7946 | D:6      | Killed Prince Ribbit
  8051 | D:6      | Found a glowing silver altar of Zin.
  8051 | D:6      | Found a shadowy altar of Dithmenos.
  8620 | D:7      | Reached skill level 1 in Armour
  8979 | D:7      | Reached skill level 8 in Conjurations
  9226 | D:7      | Got a flickering platinum ring
  9792 | D:7      | Found a shattered altar of Ashenzari.
  9805 | D:7      | Found a sacrificial altar of Ru.
  9812 | D:7      | Became a worshipper of Ashenzari the Shackled
  9812 | D:7      | Identified the ring of Rifiwnue {rElec rC+ Str+6 Int-3
                  | Dex-3} (You found it on level 7 of the Dungeon)
 10108 | D:8      | Reached XP level 10. HP: 74/74 MP: 18/22
 10226 | D:8      | Noticed Erica
 11120 | D:8      | Reached skill level 9 in Conjurations
 11135 | D:8      | Noticed a cyclops
 11246 | D:8      | Killed Erica
 11246 | D:8      | Reached skill level 5 in Translocations
 11945 | D:9      | Noticed Erolcha
 12329 | D:9      | Noticed a two-headed ogre
 12337 | D:9      | Killed a two-headed ogre
 12766 | D:9      | Reached * piety under Ashenzari
 12766 | D:9      | Found an iron altar of Okawaru.
 13055 | D:8      | Killed Erolcha
 13055 | D:8      | Reached XP level 11. HP: 36/79 MP: 23/24
 13241 | D:10     | Entered Level 10 of the Dungeon
 13396 | D:10     | Reached skill level 10 in Conjurations
 13507 | D:10     | Slain by an unseen horror

Levels and vault maps discovered:
D:1:      lightli_arrival_lavapool, layout_basic
D:2:      layout_basic
D:3:      layout_rooms, lemuel_coloured_pillars_altar, serial_bayou_pond_d,
          hangedman_decor_diamond_cutter, uniq_terence
D:4:      layout_gridville, nicolae_overflow_quartered_altars,
          grunt_qazlal_clouds, minmay_temple_entry_mini_moons, serial_shops,
          shop, uniq_duvessa, uniq_pikel
D:5:      layout_rooms, first_ration
D:6:      layout_basic, gammafunk_temple_overflow_pools, uniq_prince_ribbit1
D:7:      layout_loops_ring, chequers_temple_overflow_statue_of_worship
D:8:      black_bear_nest_2, layout_cave_pods, uniq_erica
D:9:      layout_roguey, okawaru_ov_weapons_minmay, uniq_erolcha
D:10:     layout_cave_pools, zombieorc2_lemuel, hangedman_fish_farm
Temple:   minmay_freezing_vapour_temple

Skill      XL: |  1  2  3  4  5  6  7  8  9 10 11 |
---------------+----------------------------------+-----
Spellcasting   | 3 4 5 6 7 8 9 |  9.7
Conjurations   | 4 5 6 7 8 9 10 | 10.0
Fighting       | 1 2 3 5 |  5.0
Translocations | 1 2 3 4 5 |  5.8
Armour         | 2 4 |  4.0
Dodging        | 2 3 |  3.0
Stealth        | |  1.5
Shields        | |  0.5

Action                   |  1- 3 |  4- 6 |  7- 9 | 10-12 || total
-------------------------+-------+-------+-------+-------++-------
Melee: Unarmed           |     5 |       |       |       ||     5
       Dagger            |    25 |    47 |    34 |       ||   106
       Club              |     1 |       |       |       ||     1
       Scimitar          |       |       |       |    29 ||    29
       Mace              |       |       |       |     8 ||     8
 Cast: Magic Dart        |    69 |    30 |    62 |    24 ||   185
       Searing Ray       |     3 |    19 |    79 |    67 ||   168
Invok: Curse Item        |       |       |       |     2 ||     2
  Use: Scroll            |       |     3 |     1 |     7 ||    11
 Stab: Sleeping          |       |       |     3 |       ||     3
Armor: Robe              |     9 |    13 |    36 |    12 ||    70
       Leather armour    |       |       |       |    42 ||    42
Dodge: Dodged            |    23 |    75 |    77 |    89 ||   264
       Rpst.: Scimitar   |       |       |       |    15 ||    15

Table legend:
 A = Non-vault XP
 B = Vault XP
 C = Vault XP percentage of total XP
 D = Non-vault monster count
 E = Vault monster count
 F = Vault count percentage of total count
                 A         B        C        D         E       F
            +---------+---------+-------+---------+---------+-------
      Total |    8807 |    3515 |  28.5 |     229 |       9 |   3.8
            +---------+---------+-------+---------+---------+-------
        D:1 |      26 |       0 |   0.0 |      15 |       0 |   0.0
        D:2 |      39 |       0 |   0.0 |      15 |       0 |   0.0
        D:3 |     274 |     677 |  71.2 |      28 |       2 |   6.7
        D:4 |     738 |     227 |  23.5 |      22 |       2 |   8.3
        D:5 |     909 |       0 |   0.0 |      33 |       0 |   0.0
        D:6 |     147 |     264 |  64.2 |      13 |       1 |   7.1
        D:7 |    2197 |       0 |   0.0 |      30 |       0 |   0.0
        D:8 |    1539 |    2042 |  57.0 |      33 |       3 |   8.3
        D:9 |    2425 |       0 |   0.0 |      24 |       0 |   0.0
       D:10 |     513 |     305 |  37.3 |      16 |       1 |   5.9
            +---------+---------+-------+---------+---------+-------
